 Dungeon Crawl Stone Soup version 0.29.1-12-g30fa7ad0bf (webtiles) character file.

Game seed: 5255641460977773366

118 venomsnake the Trooper (level 4, -3/42 HPs)
             Began as a Minotaur Berserker on Jan 6, 2023.
             Was a Believer of Trog.
             Slain by a gnoll
             ... wielding a +0 spear
              (7 damage)
             ... on level 3 of the Dungeon.
             The game lasted 00:05:19 (2592 turns).

venomsnake the Trooper (Minotaur Berserker)         Turns: 2592, Time: 00:05:19

Health: -3/42      AC:  3    Str: 23    XL:     4   Next: 72%
Magic:  3/3        EV: 12    Int:  4    God:    Trog [**....]
Gold:   60         SH:  5    Dex: 10    Spells: 3/3 levels left

rFire   . . .      SeeInvis .   a - +0 hand axe
rCold   . . .      Faith    .   (no shield)
rNeg    . . .      Spirit   .   c - +0 leather armour
rPois   .          Reflect  +   (helmet restricted)
rElec   .          Harm     .   (no cloak)
rCorr   .          Rampage  .   (no gloves)
Will    .....                   (no boots)
Stlth   +.........              k - amulet of reflection
HPRegen 0.14/turn               (no ring)
MPRegen 0.08/turn               (no ring)

@: on berserk cooldown, slowed, very slow
A: horns 2, retaliatory headbutt
a: Renounce Religion, Berserk, Trog's Hand


You were on level 3 of the Dungeon.
You worshipped Trog.
Trog was pleased with you.
You visited 1 branch of the dungeon, and saw 3 of its levels.

You collected 60 gold pieces.

Inventory:

Hand Weapons
 a - a +0 hand axe (weapon)
Armour
 c - a +0 leather armour (worn)
Jewellery
 k - an amulet of reflection (around neck)
Scrolls
 b - a scroll of enchant armour {unknown}
 d - 2 scrolls of vulnerability
 g - a scroll of teleportation {unknown}
 h - 2 scrolls of identify {unknown}
 l - 2 scrolls of blinking {unknown}
Potions
 e - a potion of attraction {unknown}
 f - a potion of flight {unknown}
 i - a potion of haste {unknown}
 j - a potion of experience {unknown}


   Skills:
 * Level 5.0 Fighting
 + Level 4.4 Axes
 + Level 3.4 Armour
 + Level 3.0 Dodging


You had 3 spell levels left.
You didn't know any spells.
Your spell library was empty.

Dungeon Overview and Level Annotations

Branches:
Dungeon (3/15)

Altars:
Uskayaw


Innate Abilities, Weirdness & Mutations

You have a pair of horns on your head.
You reflexively headbutt those who attack you in melee.


Message History

You are too injured to fight recklessly!
You are too injured to fight recklessly!
You are too injured to fight recklessly!
You are too injured to fight recklessly!
You are too injured to fight recklessly!
You are too injured to fight recklessly!
You are too injured to fight recklessly!
You are too injured to fight recklessly!
A red film seems to cover your vision as you go berserk!
You feel yourself moving faster!
You feel mighty! The gnoll closely misses you.
The gnoll hits you with a +0 spear. The gnoll hits you with a +0 flail.
You block the gnoll's attack.
You are too injured to fight recklessly!
You are too injured to fight recklessly!
You slash the gnoll!
The gnoll is heavily wounded.
You slash the gnoll!
The gnoll hits you from afar with a +0 spear.
* * * LOW HITPOINT WARNING * * *
The gnoll hits you with a +0 spear!
* * * LOW HITPOINT WARNING * * *
The gnoll hits you with a +0 flail.
* * * LOW HITPOINT WARNING * * *
The gnoll hits you from afar with a +0 spear.
* * * LOW HITPOINT WARNING * * *
You slash the gnoll!
You kill the gnoll!
Trog accepts your kill.
You barely miss the gnoll.
Your Fighting skill increases to level 5!
You hit the gnoll.
You kill the gnoll!
Trog accepts your kill.
You feel a strong urge to attack something.
You feel your anger nearly subside.
You are no longer berserk.
You are exhausted.
You feel yourself slow down. The gnoll closely misses you.
The gnoll hits you from afar with a +0 spear!
You die...

######### #.......#
#.#####.# ########.# #.#
#........# #.# #.#
#.############.# #.#
#.......gg.@...## #.#
#...#########...# #.# .
#.###..##(((##).# #.# #
#.#...##(#(#(#.)### #.#
#.))_.#.((#..#....###.####
#.#...##.#.#.#..#..).†...# #
#.###..##...##........##.###
... #########...#.######....
###. ........##.# #####


You could see 8 dancing weapons and 2 gnolls.

Vanquished Creatures
  2 gnolls (D:3)
  3 adders
  A worm (D:2)
  2 dart slugs
  4 orcs (D:3)
  3 ball pythons
  3 endoplasms
  5 goblins
  4 hobgoblins (D:1)
  8 jackals (D:1)
  6 kobolds
  4 quokkas
  4 bats
  6 frilled lizards
  4 rats (D:1)
59 creatures vanquished.

Vanquished Creatures (others)
  A demonic plant (D:1)
1 creature vanquished.

Grand Total: 60 creatures vanquished

Notes
Turn   | Place    | Note
-------+----------+-------------------------------------------
     0 | D:1      | venomsnake the Minotaur Berserker began the quest for the
                  | Orb.
     0 | D:1      | Reached XP level 1. HP: 19/19 MP: 0/0
   578 | D:1      | Reached XP level 2. HP: 27/27 MP: 1/1
   606 | D:1      | Reached skill level 4 in Fighting
   695 | D:1      | You fall into a shaft and drop 1 floor!
  1026 | D:2      | Reached XP level 3. HP: 31/33 MP: 2/2
  1653 | D:1      | Reached ** piety under Trog
  1861 | D:1      | Found a faded altar of an unknown god.
  1861 | D:1      | Noticed a neqoxec
  2058 | D:1      | Reached XP level 4. HP: 37/41 MP: 3/3
  2519 | D:3      | Noticed a +0 falchion
  2519 | D:3      | Noticed a +0 dagger
  2519 | D:3      | Noticed a +0 falchion
  2520 | D:3      | Noticed a +0 short sword
  2522 | D:3      | Noticed a +0 short sword
  2522 | D:3      | Noticed a +0 dagger
  2522 | D:3      | Noticed a +0 spear
  2524 | D:3      | Noticed a +0 spear
  2575 | D:3      | Found a hide-covered altar of Uskayaw.
  2578 | D:3      | HP: 3/61 [gnoll/+0 spear (3)]
  2580 | D:3      | Reached skill level 5 in Fighting
  2592 | D:3      | Slain by a gnoll

Illustrated notes

Levels and vault maps discovered:
D:1:      lightli_arrival_lavapool, layout_basic,
          dreamdust_ecumenical_altar_sealed_demon
D:2:      layout_rooms
D:3:      layout_loops_ring, nicolae_uskayaw_en_pointe,
          mainiacjoe_overflow_paths, minmay_puff

Skill      XL: |  1  2  3  4 |
---------------+-------------+-----
Fighting       | 4 5 |  5.0
Axes           | 4 |  4.4
Armour         | 3 |  3.4
Dodging        | 3 |  3.0

Action                   |  1- 3 |  4- 6 || total
-------------------------+-------+-------++-------
Melee: Hand axe          |   123 |    32 ||   155
       Headbutt          |    18 |     1 ||    19
       Punch             |     1 |       ||     1
Invok: Berserk           |       |     1 ||     1
  Use: Scroll            |       |     1 ||     1
Armor: Leather armour    |    30 |     6 ||    36
Dodge: Dodged            |    72 |    17 ||    89
Block: Other             |       |     7 ||     7
